 Dungeon Crawl Stone Soup version 0.30-a0-263-ge22c4ad894 (webtiles) character file.

Game seed: 11363246652793902180

9 boo the Twirler (level 2, -3/22 HPs)
             Began as a Human Gladiator on Oct 13, 2022.
             Slain by a kobold
             ... wielding a +0 short sword
              (4 damage)
             ... on level 1 of the Dungeon.
             The game lasted 00:00:38 (88 turns).

boo the Twirler (Human Gladiator)                     Turns: 88, Time: 00:00:39

Health: -3/22      AC:  4    Str: 14    XL:     2   Next: 20%
Magic:  2/2        EV: 12    Int:  8    God:
Gold:   0          SH:  0    Dex: 14    Spells: 1/1 levels left

rFire   . . .      SeeInvis .    a - +0 quarterstaff
rCold   . . .      Faith    .    (shield currently unavailable)
rNeg    . . .      Spirit   .    b - +0 leather armour
rPois   .          Reflect  .    c - +0 helmet
rElec   .          Harm     .    (no cloak)
rCorr   .          Rampage  .    (no gloves)
Will    .....                    (no boots)
Stlth   +.........               (no amulet)
HPRegen 0.23/turn                (no ring)
MPRegen 0.08/turn                (no ring)

@: no status effects
A: no striking features
a: no special abilities


You were on level 1 of the Dungeon.
You visited 1 branch of the dungeon, and saw 1 of its levels.

Inventory:

Hand Weapons
 a - a +0 quarterstaff (weapon)
Missiles
 d - 3 throwing nets (quivered)
 e - a javelin
Armour
 b - a +0 leather armour (worn)
 c - a +0 helmet (worn)
Scrolls
 g - a scroll of poison {unknown}
Potions
 f - 2 potions of brilliance {unknown}


   Skills:
 + Level 2.1 Fighting
 * Level 3.2 Staves
 - Level 2.0 Throwing
 + Level 0.4 Armour
 + Level 3.1 Dodging


You had one spell level left.
You didn't know any spells.
Your spell library was empty.

Dungeon Overview and Level Annotations

Branches:
Dungeon (1/15)

Altars:


Message History

The kobold is moderately wounded.
The kobold hits you with a +0 short sword.
You barely miss the kobold.
The kobold is moderately wounded.
The goblin hits you with a +1 dagger of venom.
The kobold hits you with a +0 short sword.
A quokka comes into view.
The goblin hits you with a +1 dagger of venom.
You are poisoned.
The kobold hits you but does no damage.
You feel very sick. The kobold attacks as you move away!
The kobold hits you with a +0 short sword.
You feel sick.
You are too injured to fight recklessly!
You are too injured to fight recklessly!
You hit the kobold but do no damage.
* * * LOW HITPOINT WARNING * * *
You feel sick. The kobold misses you.
You barely miss the kobold.
You feel sick.
The kobold hits you with a +0 short sword.
* * * LOW HITPOINT WARNING * * *
You miss the kobold.
* * * LOW HITPOINT WARNING * * *
You feel sick. The kobold barely misses you.
You hit the kobold.
The kobold is severely wounded.
* * * LOW HITPOINT WARNING * * *
You feel sick. The kobold closely misses you.
You closely miss the kobold.
The kobold is severely wounded.
* * * LOW HITPOINT WARNING * * *
You feel sick.
You are no longer poisoned.
The kobold barely misses you.
You closely miss the kobold.
The kobold is severely wounded.
The kobold barely misses you.
The kobold hits you with a +0 short sword.
You die...

.........# ..........
.........# .........#
.........# .........
..r..!.r.# ......... #
#gg# # ......... ###.
##K##.. #.........
#...###@.# .###.........
........###.............
...........>[...........
.............#####...>..
.............###........
........................
.............##.........
....................##†#
..............##...##†.†


You could see a quokka, 2 goblins and a kobold.

Vanquished Creatures
  4 jackals (D:1)
  A quokka (D:1)
  A ball python (D:1)
  A bat (D:1)
  A rat (D:1)
8 creatures vanquished.

Notes
Turn   | Place    | Note
-------+----------+-------------------------------------------
     0 | D:1      | boo the Human Gladiator began the quest for the Orb.
     0 | D:1      | Reached XP level 1. HP: 16/16 MP: 1/1
    25 | D:1      | Reached XP level 2. HP: 17/22 MP: 2/2
    87 | D:1      | HP: 1/22 [poisoned by a goblin]
    88 | D:1      | Slain by a kobold

Illustrated notes

Levels and vault maps discovered:
D:1:      dpeg_arrival_shelter, layout_rooms, chequers_ecumenical_altar_twisty

Action                   || total
-------------------------++-------
Melee: Quarterstaff      ||    27
Armor: Leather armour    ||    25
Dodge: Dodged            ||    47

Table legend: (Time is in decaauts)
 A = Elapsed time spent in this place.
 B = Non-inter-level travel time spent in this place.
 C = Inter-level travel time spent in this place.
 D = Time resting spent in this place.
 E = Time spent auto-exploring this place.
 F = Levels seen in this place.
 G = Mean time per level.
                   A        B        C        D        E       F      G
               +--------+--------+--------+--------+--------+-----+--------+
         Total |     91 |     91 |      0 |     17 |     22 |   1 |   91.0 |
       Dungeon |     91 |     91 |      0 |     17 |     22 |   1 |   91.0 |
               +--------+--------+--------+--------+--------+-----+--------+

Top non-repeatable levels by time:
     D:1: 91 daAuts
